 Dungeon Crawl Stone Soup version 0.30-a0-728-gc68057be0a (webtiles) character file.

Game seed: 55955698991784738

6106 Legacy the Warrior (level 10, -6/106 HPs)
             Began as a Minotaur Berserker on Feb 1, 2023.
             Was a High Priest of Trog.
             Killed from afar by an acid dragon (13 damage)
             ... with a splash of acid
             ... on level 9 of the Dungeon.
             The game lasted 00:18:18 (8418 turns).

Legacy the Warrior (Minotaur Berserker)             Turns: 8418, Time: 00:18:19

Health: -6/106     AC:  6    Str: 25    XL:     10   Next: 58%
Magic:  9/9        EV: 14    Int:  4    God:    Trog [*****.]
Gold:   523        SH:  0    Dex: 11    Spells: 9/9 levels left

rFire   . . .      SeeInvis .    h - +0 broad axe
rCold   . . .      Faith    .    (no shield)
rNeg    . . .      Spirit   .    b - +0 plate armour
rPois   +          Reflect  .    (helmet restricted)
rElec   .          Harm     .    E - +0 cloak {rPois}
rCorr   .          Rampage  .    (no gloves)
Will    .....                    (no boots) Stlth
                                 (no amulet)
HPRegen 0.37/turn                f - +5 ring of evasion
MPRegen 0.11/turn                (no ring)

@: corroded
A: horns 2, retaliatory headbutt
a: Renounce Religion, Berserk, Trog's Hand, Brothers in Arms


You were on level 9 of the Dungeon.
You worshipped Trog.
Trog was extremely pleased with you.
You visited 1 branch of the dungeon, and saw 9 of its levels.
You also visited: Ossuary.

You collected 523 gold pieces.

Inventory:

Hand Weapons
 h - a +0 broad axe (weapon)
 z - the +7 staff of the Meek {protect, meekguard}
   (You found it on level 4 of the Dungeon)
 B - a +3 battleaxe of freezing
 G - a +7 flail of venom
 I - a +2 great mace of flaming
Missiles
 F - 2 throwing nets (quivered)
Armour
 b - a +0 plate armour (worn)
 E - a +0 cloak of poison resistance (worn)
Jewellery
 a - a +6 ring of intelligence
 f - a +5 ring of evasion (left hand)
Wands
 c - a wand of digging (4)
 r - a wand of paralysis (5)
 y - a wand of mindburst (31)
 C - a wand of flame (19)
 H - a wand of iceblast (14)
 J - a wand of polymorph (10)
Scrolls
 d - a scroll of silence
 e - 3 scrolls of immolation
 g - 3 scrolls of vulnerability
 k - 4 scrolls of teleportation
 m - 4 scrolls of identify
 p - 3 scrolls of fog
 u - 4 scrolls of enchant armour
 v - 2 scrolls of noise
Potions
 i - a potion of magic {unknown}
 j - 3 potions of curing
 l - 3 potions of lignification
 n - 2 potions of degeneration {unknown}
 o - a potion of cancellation {unknown}
 q - 4 potions of attraction
 s - 3 potions of heal wounds {unknown}
 t - a potion of berserk rage {unknown}
 w - a potion of brilliance
 x - a potion of might {unknown}
 A - a potion of resistance {unknown}
 D - 2 potions of mutation {unknown}


   Skills:
 * Level 15.5 Fighting
 + Level 7.4 Axes
 + Level 7.1 Armour
 * Level 6.1 Dodging
 + Level 0.4 Stealth


You had 9 spell levels left.
You didn't know any spells.
Your spell library was empty.

Dungeon Overview and Level Annotations

Branches:
Dungeon (9/15)             Temple (0/1) D:7         Ossuary (visited)
   Lair: D:8-11         Orc: D:9-12

Altars:
Ashenzari
Dithmenos
Fedhas
Hepliaklqana
Makhleb
Nemelex Xobeh
Qazlal
Sif Muna
Trog
Uskayaw
Xom
Yredelemnul

Shops:
D:1 !   D:2 ?


Innate Abilities, Weirdness & Mutations

You have a pair of horns on your head.
You reflexively headbutt those who attack you in melee.


Message History

Okay, then.
You start resting.
Found a fine mace.
A troll comes into view.
The troll shouts!
An acid dragon comes into view.
The acid dragon roars!
The acid dragon spits acid at you. The splash of acid hits you!
The acid corrodes you!
You hear a bellow!
An electric eel comes into view.
The electric eel shoots out a bolt of lightning at you!
The bolt of electricity hits you! The acid dragon spits acid at you.
The splash of acid hits you!! The acid corrodes you!
You hear a shout!
You hear a bellow! x2
You closely miss the troll. You headbutt the troll!!
The troll is heavily wounded.
The electric eel shoots out a bolt of lightning at you!
The bolt of electricity hits you! The troll misses you.
You furiously retaliate!
You headbutt the troll! The troll claws you!
* * * LOW HITPOINT WARNING * * *
The troll claws you.
* * * LOW HITPOINT WARNING * * *
The troll bites you.
* * * LOW HITPOINT WARNING * * *
The troll claws you!
* * * LOW HITPOINT WARNING * * *
The troll barely misses you.
You hit the troll.
The troll is severely wounded.
The troll bites you!
* * * LOW HITPOINT WARNING * * *
The troll closely misses you. The troll claws you.
* * * LOW HITPOINT WARNING * * *
Unknown command.
It was a potion of curing.
You feel better. The acid dragon spits acid at you.
The splash of acid hits you!
You die...

........................
........................
........................
........................
..............~~†.......
.............~≈~~~......
.............~≈≈≈~......
.......T.....~~≈~~..^...
.......@......~~~.......
........?...............
........................
.......D................
...............
...............
......~S≈......
.....~≈≈~~.....


You could see a troll, an acid dragon (catching breath) and an electric eel.

Vanquished Creatures
  A two-headed ogre (D:8)
  Maurice (D:8)
  The ghost of arandomgamer the Chopper, a novice HORe of Dithmenos (D:5)
  Grinder (D:4)
  2 slime creatures (D:8)
  Sigmund (D:2)
  2 steam dragons
  Menkaure (D:4)
  Edmund (D:6)
  A water moccasin (D:6)
  An acid dragon (D:8)
  2 ice beasts
  2 orc warriors
  2 black bears
  A sky beast (D:7)
  An ogre (D:4)
  3 centaurs
  4 kobold brigands
  2 bullfrogs
  A necrophage (D:8)
  10 scorpions
  8 wights
  An electric eel (D:9)
  A crimson imp (D:6)
  3 centaur zombies (Ossuary)
  2 human zombies (Ossuary)
  4 orc priests
  2 hounds
  6 jellies
  Crazy Yiuf (D:6)
  A gnoll bouda (D:6)
  3 iguanas
  6 orc wizards
  3 scorpion zombies (Ossuary)
  3 mummies (Ossuary)
  Robin (D:4)
  3 gnolls (D:6)
  5 adders
  A shadow imp (D:6)
  2 ufetubi
  2 worms
  2 dart slugs
  35 orcs
  15 endoplasms
  5 giant cockroaches
  18 goblins
  5 hobgoblins
  3 jackals (D:1)
  4 quokkas
  6 ball pythons (D:1)
  6 bats
  3 frilled lizards (D:1)
  4 gnoll zombies (Ossuary)
  2 goblin zombies (Ossuary)
  18 kobolds
  2 kobold zombies (Ossuary)
  3 orc zombies (Ossuary)
  7 rats
237 creatures vanquished.

Vanquished Creatures (others)
  An orc (D:7)
  6 fungi (D:8)
  2 plants (D:1)
  8 toadstools (D:8)
17 creatures vanquished.

Grand Total: 254 creatures vanquished

Notes
Turn   | Place    | Note
-------+----------+-------------------------------------------
     0 | D:1      | Legacy the Minotaur Berserker began the quest for the Orb.
     0 | D:1      | Reached XP level 1. HP: 19/19 MP: 0/0
   120 | D:1      | Reached skill level 4 in Fighting
   172 | D:1      | Found Zauckide's Distillery.
   233 | D:1      | Reached XP level 2. HP: 21/28 MP: 1/1
   323 | D:1      | Found a faded altar of an unknown god.
   352 | D:1      | Reached skill level 5 in Fighting
   535 | D:1      | Reached XP level 3. HP: 32/36 MP: 2/2
   671 | D:1      | Reached ** piety under Trog
   916 | D:2      | Found Luutt's Magic Scroll Emporium.
  1076 | D:2      | Noticed Sigmund
  1089 | D:2      | Killed Sigmund
  1090 | D:2      | Reached skill level 7 in Fighting
  1090 | D:2      | Reached XP level 4. HP: 37/47 MP: 3/3
  1090 | D:2      | Reached XP level 5. HP: 41/52 MP: 4/4
  1620 | D:3      | Found a sparkling altar of Nemelex Xobeh.
  1620 | D:3      | Found a stormy altar of Qazlal.
  1621 | D:3      | Found a bloodstained altar of Trog.
  1624 | D:3      | Found a basalt altar of Yredelemnul.
  1624 | D:3      | Found a shadowy altar of Dithmenos.
  1747 | D:3      | HP: 2/79 [orc priest/+0 trident (5)]
  1752 | D:3      | Reached skill level 8 in Fighting
  2269 | D:3      | Reached XP level 6. HP: 61/61 MP: 5/5
  2968 | D:4      | Reached *** piety under Trog
  3043 | D:4      | Noticed Menkaure
  3051 | D:4      | Killed Menkaure
  3052 | D:4      | Reached skill level 9 in Fighting
  3063 | D:4      | Reached XP level 7. HP: 37/71 MP: 6/6
  3069 | D:4      | Noticed Robin
  3070 | D:4      | Found a sand-covered staircase.
  3078 | D:4      | Killed Robin
  3182 | Ossuary  | Entered an ossuary
  3200 | Ossuary  | Reached skill level 10 in Fighting
  3346 | Ossuary  | Reached skill level 11 in Fighting
  3364 | Ossuary  | Reached **** piety under Trog
  3366 | Ossuary  | Reached XP level 8. HP: 67/82 MP: 7/7
  3492 | Ossuary  | Reached skill level 12 in Fighting
  3607 | D:4      | Noticed Grinder
  3623 | D:4      | Paralysed by Grinder for 2 turns
  3633 | D:4      | Killed Grinder
  3634 | D:4      | Reached skill level 13 in Fighting
  4069 | D:4      | Found the +7 staff of the Meek {protect, meekguard}
  4124 | D:5      | Entered Level 5 of the Dungeon
  4219 | D:5      | Noticed arandomgamer's ghost (novice HORe)
  4225 | D:5      | Found a transporter.
  4228 | D:5      | Found a transporter.
  4263 | D:5      | Killed arandomgamer's ghost
  4264 | D:5      | Reached XP level 9. HP: 59/94 MP: 8/8
  4472 | D:5      | Reached skill level 14 in Fighting
  5060 | D:6      | Reached ***** piety under Trog
  5325 | D:6      | Found a hazy altar of Hepliaklqana.
  5356 | D:6      | Found a shimmering blue altar of Sif Muna.
  5356 | D:6      | Found a hide-covered altar of Uskayaw.
  5364 | D:6      | Found a faded altar of an unknown god.
  5367 | D:6      | Found a faded altar of an unknown god.
  5369 | D:6      | Found a blossoming altar of Fedhas.
  5621 | D:6      | Found a shimmering altar of Xom.
  5621 | D:6      | Found a burning altar of Makhleb.
  5629 | D:6      | Reached skill level 5 in Armour
  5642 | D:6      | Noticed Edmund
  5647 | D:6      | Killed Edmund
  5944 | D:6      | Found a runed translucent door.
  5945 | D:6      | Noticed Crazy Yiuf
  5950 | D:6      | Killed Crazy Yiuf
  6181 | D:7      | Found a staircase to the Ecumenical Temple.
  6527 | D:7      | Reached skill level 15 in Fighting
  6527 | D:7      | Reached skill level 5 in Dodging
  6710 | D:7      | Reached XP level 10. HP: 105/105 MP: 9/9
  7406 | D:8      | Noticed a two-headed ogre
  7412 | D:8      | Reached skill level 5 in Axes
  7417 | D:8      | Killed a two-headed ogre
  7707 | D:8      | Received a gift from Trog
  7876 | D:8      | Found a broken altar of Ashenzari.
  7905 | D:8      | Noticed Maurice
  7927 | D:8      | Killed Maurice
  8417 | D:9      | HP: 5/106 [troll (13)]
  8417 | D:9      | HP: 1/106 [troll (4)]
  8418 | D:9      | Killed from afar by an acid dragon

Illustrated notes

Levels and vault maps discovered:
D:1:      tarquinn_simple_flora_water_b, layout_loops_ring,
          shapermc_ecumenical_altar_pompeii, serial_shops,
          nicolae_shop_competitors_out_of_business
D:2:      layout_loops_cross, serial_shops, nicolae_shop_crystal,
          kennysheep_generic_room_16, uniq_sigmund
D:3:      layout_loops_ring, grunt_temple_overflow_open, st_stairs_4
D:4:      layout_cave_pools, chequers_ossuary_entry_cave,
          pf_guarded_unrand_meek, uniq_menkaure, uniq_grinder, uniq_robin
D:5:      layout_rooms, gammafunk_ghost_arena, minmay_misc_feat_rows
D:6:      layout_loops_cross, grunt_temple_overflow_champion_of_chaos,
          worldfamousw_hep_ancestral_shrine,
          chequers_temple_overflow_minitemple,
          nicolae_concentric_dashed_squares_mild, nicolae_water_bricks,
          uniq_edmund, uniq_crazy_yiuf_cottage
D:7:      lemuel_ice_spiral_2, layout_basic, minmay_temple_entry_large_hall
D:8:      cheibrodos_fertilizer, layout_basic, evilmike_ruin_ashenzari,
          uniq_maurice
D:9:      layout_big_octagon, marbit_many_paths

Skill      XL: |  1  2  3  4  5  6  7  8  9 10 |
---------------+-------------------------------+-----
Fighting       | 4 5 7 8 9 11 13 15 | 15.5
Armour         | 3 6 7 |  7.1
Dodging        | 3 5 6 |  6.1
Axes           | 4 7 |  7.4
Stealth        | |  0.4

Action                     |  1- 3 |  4- 6 |  7- 9 | 10-12 || total
---------------------------+-------+-------+-------+-------++-------
  Melee: Hand axe          |    69 |    32 |       |       ||   101
         Headbutt          |     7 |     9 |    35 |    17 ||    68
         War axe           |       |    13 |       |       ||    13
         Broad axe         |       |    39 |   176 |    64 ||   279
         Punch             |       |       |     1 |     1 ||     2
         Battleaxe         |       |       |    42 |       ||    42
 Invoke: Berserk           |       |     1 |     1 |     2 ||     4
  Evoke: Wand              |       |     1 |       |       ||     1
    Use: Scroll            |     2 |     3 |     4 |       ||     9
         Potion            |       |     2 |       |     1 ||     3
 Armour: Animal skin       |     8 |       |       |       ||     8
         Scale mail        |    14 |    30 |    81 |       ||   125
         Skin              |       |    12 |       |       ||    12
         Plate armour      |       |       |    11 |    47 ||    58
         Chain mail        |       |       |     6 |       ||     6
  Dodge: Dodged            |    52 |    60 |   263 |    73 ||   448

Table legend: (Time is in decaauts)
 A = Elapsed time spent in this place.
 B = Non-inter-level travel time spent in this place.
 C = Inter-level travel time spent in this place.
 D = Time resting spent in this place.
 E = Time spent auto-exploring this place.
 F = Levels seen in this place.
 G = Mean time per level.
                   A        B        C        D        E       F      G
               +--------+--------+--------+--------+--------+-----+--------+
         Total |   8603 |   7731 |    872 |   2011 |      0 |  10 |  860.3 |
       Dungeon |   8178 |   7306 |    872 |   1979 |      0 |   9 |  908.7 |
       Ossuary |    425 |    425 |      0 |     32 |      0 |   1 |  425.0 |
               +--------+--------+--------+--------+--------+-----+--------+

Top non-repeatable levels by time:
     D:3: 1328 daAuts
     D:6: 1274 daAuts
     D:7: 1137 daAuts
     D:8: 1131 daAuts
     D:2: 833 daAuts
     D:4: 829 daAuts
     D:1: 790 daAuts
     D:5: 704 daAuts
 Ossuary: 425 daAuts
     D:9: 150 daAuts
